Oilers vs Red Wings (R1)

Created - November 27, 2024 at 19:13

Goals
1 2 3 T
Oilers 0 0 1 1
Red Wings 2 1 2 5
Shots
1 2 3 T
Oilers 7 5 12 24
Red Wings 10 7 6 23

1st period

1. Red Wings , Connor Brown 6 (Colton Parayko 9) at 18:27
2. Red Wings , Connor Brown 7 (Brendan Lemieux 9, Dylan Larkin 9) at 19:54 (PP)

Penalties :
Jamie McBain (Edm) for Hooking (Minor) at 18:34

2nd period

3. Red Wings , Charlie Coyle 3 (David Backes 5, Roland McKeown 2) at 14:25

Penalties :
Charlie Coyle (Det) for Tripping (Minor) at 1:26, Brent Seabrook (Edm) for Holding (Minor) at 14:30

3rd period

4. Oilers , Mitch Marner 10 (Connor McDavid 15, Marcus Pettersson 11) at 4:37 (PP)
5. Red Wings , Dylan Larkin 5 (Brendan Lemieux 10, Jake Virtanen 7) at 13:15 (PP)
6. Red Wings , Connor Brown 8 (Colton Parayko 10, Dylan Larkin 10) at 13:29 (PP)

Penalties :
Lucas Lessio (Det) for Roughing (Minor) at 4:28, David Backes (Det) for Tripping (Minor) at 8:53, Greg Stewart (Edm) for High sticking (Minor) at 13:07, Jason Robertson (Edm) for Cross-checking (Minor) at 13:18, Brent Seabrook (Edm) for Interference (Minor) at 13:30

Goalie Stats

Jaroslav Halak (Edm), 18 saves from 23 shots - (0.783), L, 2-2-0, 60:00 minutes
Alexandar Georgiev (Det), 23 saves from 24 shots - (0.958), W, 5-4-2, 60:00 minutes

Players Stats for Oilers

Player Name              G  A  P  +/- PIM S  H  SB GA TA FO     MP     PP MP  PK MP  
------------------------------------------------------------------------------------
Adam Gaudette            0  0  0   0  0   0  0  0  0  0  2/2    17:46   1:20   0:00 
Anton Slepyshev          0  0  0   0  0   1  3  0  0  0  0/0     8:21   0:00   1:23 
Brent Burns              0  0  0  -1  0   2  0  1  0  0  0/0    18:30   1:49   2:05 
Brent Seabrook           0  0  0  -1  4   0  1  2  0  0  0/0    20:28   2:18   0:00 
Brett Lernout            0  0  0  -1  0   1  1  0  0  1  0/0    13:56   0:00   0:00 
Christian Fischer        0  0  0  -2  0   0  2  0  0  0  1/1    12:56   0:00   0:00 
Connor McDavid           0  1  1   0  0   6  3  1  1  0  6/18   17:45   2:47   0:45 
Darnell Nurse            0  0  0   0  0   1  0  1  2  1  0/0    21:51   0:00   4:08 
Frederik Gauthier        0  0  0  -2  0   2  1  0  0  0  4/6    12:56   0:00   0:00 
Greg Stewart             0  0  0  -2  2   2  1  0  0  0  0/0    14:53   0:05   1:38 
Jamie Benn               0  0  0   0  0   1  3  0  0  0  0/0     9:38   2:42   0:00 
Jamie McBain             0  0  0  -1  2   1  3  4  0  1  0/0    24:45   1:40   2:48 
Jason Robertson          0  0  0   0  2   0  0  0  0  0  0/1    13:25   0:00   0:00 
Leon Draisaitl           0  0  0   0  0   3  3  0  0  1  1/1    21:00   1:20   3:14 
Marcus Pettersson        0  1  1   0  0   1  2  0  1  2  0/0    20:44   2:27   2:13 
Mitch Marner             1  0  1   0  0   2  3  0  0  0  0/1    16:43   2:47   0:00 
Noel Acciari             0  0  0   0  0   0  1  0  0  0  1/2     7:41   0:00   1:00 
Tyler Johnson            0  0  0   0  0   1  0  3  1  0  12/20  21:00   1:20   3:14 

Players Stats for Red Wings

Player Name              G  A  P  +/- PIM S  H  SB GA TA FO     MP     PP MP  PK MP  
------------------------------------------------------------------------------------
Brendan Lemieux          0  2  2   1  0   2  2  0  0  1  0/0    20:23   3:43   1:10 
Carson Mcmillan          0  0  0   0  0   0  1  0  0  1  0/0    10:20   0:00   1:57 
Charlie Coyle            1  0  1   1  2   2  0  0  4  1  7/19   18:11   1:54   0:00 
Colton Parayko           0  2  2   1  0   2  3  0  0  0  0/0    24:59   4:00   1:49 
Connor Brown             3  0  3   1  0   4  1  0  1  0  0/0    19:00   3:43   0:00 
Danton Heinen            0  0  0   1  0   0  1  0  1  0  1/3    17:33   1:54   0:00 
David Backes             0  1  1   1  2   1  2  0  0  0  1/1    18:14   1:54   0:00 
Drew Fata                0  0  0   1  0   0  4  1  0  0  0/0    16:44   0:00   1:49 
Dylan Larkin             1  2  3   1  0   2  1  0  0  0  9/17   18:48   3:43   0:00 
Hampus Lindholm          0  0  0   1  0   5  2  1  0  0  0/0    22:18   4:00   0:00 
Jake Virtanen            0  1  1   0  0   1  1  0  0  0  0/0    12:29   1:37   0:00 
Lucas Lessio             0  0  0   0  2   2  1  1  0  0  0/0     9:14   0:00   1:10 
Marco Scandella          0  0  0   0  0   0  0  3  0  0  0/0    18:26   0:00   2:18 
Max Reinhart             0  0  0   0  0   0  0  0  0  1  0/1     8:40   0:00   1:00 
Philip Samuelsson        0  0  0   0  0   1  1  0  0  1  0/0    18:02   1:37   0:00 
Roland McKeown           0  1  1   1  0   0  1  1  0  0  0/0    16:59   0:00   2:18 
T.J. Hensick             0  0  0   0  0   1  1  0  0  0  7/11   13:22   0:00   1:57 
Tye McGinn               0  0  0   0  0   0  1  0  0  0  0/0    12:08   0:00   1:00 

3 Stars

1 - Connor Brown (Det)
2 - Dylan Larkin (Det)
3 - Colton Parayko (Det)

Power Play

Oilers - 1 on 3 Attempt(s) - 33.33%
Red Wings - 3 on 5 Attempt(s) - 60.00%

Penalty Kill

Oilers - 2 on 5 Attempt(s) - 40.00% - Score 0 goal in Penalty Kill
Red Wings - 2 on 3 Attempt(s) - 66.67% - Score 0 goal in Penalty Kill

Team Stat

Oilers - Hits : 27 - Faceoff Wins : 27 - Blocked Shots : 12 - Penalty Minutes : 10
Red Wings - Hits : 23 - Faceoff Wins : 25 - Blocked Shots : 7 - Penalty Minutes : 6

Official

Referees : Michael Markovic and Brian Pochmara
Linesman : James Tobias and Kyle Flemington

Game Notes

Connor Brown has scored a Hat Trick!

Finance

Level 1 -- Attendance: 6000 (100.00%) -- Ticket Income $600,000
Level 2 -- Attendance: 4673 (93.46%) -- Ticket Income $327,110
Level 3 -- Attendance: 1965 (98.25%) -- Ticket Income $78,600
Level 4 -- Attendance: 3661 (91.53%) -- Ticket Income $109,830
Luxury Box -- Attendance: 925 (92.50%) -- Ticket Income $185,000
Game was played at the Little Caesars arena.
Total Attendance: 17224 (95.69%)
Total Ticket Income: $1,300,540
Other Income: $195,081
Total Income: $1,495,621

Oilers

5 vs 5 Forward 
   Center                   Left Wing                Right Wing               Time % Phy DF OF 
 1 Tyler Johnson            Leon Draisaitl           Adam Gaudette            35     1   2  2  
 2 Connor McDavid           Jason Robertson          Mitch Marner             30     1   2  2  
 3 Frederik Gauthier        Greg Stewart             Christian Fischer        25     1   2  2  
 4 Noel Acciari             Jamie Benn               Anton Slepyshev          10     1   2  2  

5 vs 5 Defense 
   Defense                  Defense                                           Time % Phy DF OF 
 1 Jamie McBain             Brent Seabrook                                    40     1   2  2  
 2 Marcus Pettersson        Darnell Nurse                                     30     1   2  2  
 3 Brent Burns              Brett Lernout                                     20     1   2  2  
 4 Darnell Nurse            Jamie McBain                                      10     1   2  2  

PowerPlay Forward 
   Center                   Left Wing                Right Wing               Time % Phy DF OF 
 1 Connor McDavid           Jamie Benn               Mitch Marner             60     1   2  2  
 2 Tyler Johnson            Leon Draisaitl           Adam Gaudette            40     1   2  2  

PowerPlay Defense
   Defense                  Defense                                           Time % Phy DF OF 
 1 Brent Seabrook           Marcus Pettersson                                 60     1   2  2  
 2 Brent Burns              Jamie McBain                                      40     1   2  2  

Penalty Kill 4 Players Forward 
   Center                   Wing                     Time % Phy DF OF 
 1 Tyler Johnson            Leon Draisaitl           60     1   4  0  
 2 Noel Acciari             Greg Stewart             40     1   4  0  

Penalty Kill 4 Players Defense
   Defense                  Defense                  Time % Phy DF OF 
 1 Darnell Nurse            Jamie McBain             60     0   5  0  
 2 Brent Seabrook           Marcus Pettersson        40     0   5  0  

Penalty Kill - 3 Players Forward 
   Forward                                           Time % Phy DF OF 
 1 Noel Acciari                                      60     0   5  0  
 2 Tyler Johnson                                     40     0   5  0  

Penalty Kill - 3 Players Defense
   Defense                  Defense                  Time % Phy DF OF 
 1 Darnell Nurse            Jamie McBain             60     0   5  0  
 2 Brent Seabrook           Marcus Pettersson        40     0   5  0  

4 vs 4 Forward 
   Center                   Wing                     Time % Phy DF OF 
 1 Connor McDavid           Leon Draisaitl           60     1   2  2  
 2 Tyler Johnson            Greg Stewart             40     1   2  2  

4 vs 4 Defense
   Defense                  Defense                  Time % Phy DF OF 
 1 Darnell Nurse            Jamie McBain             60     1   2  2  
 2 Brent Seabrook           Marcus Pettersson        40     1   2  2  

Last Minutes Offensive
   Center                   Left Wing                Right Wing               Defense                  Defense                  
   Connor McDavid           Leon Draisaitl           Mitch Marner             Darnell Nurse            Jamie McBain             

Last Minutes Defensive
   Center                   Left Wing                Right Wing               Defense                  Defense                  
   Connor McDavid           Leon Draisaitl           Mitch Marner             Darnell Nurse            Jamie McBain             

Goaltenders
Starting : Jaroslav Halak           
Backup : Carter Hart              

Extra Forwards
Normal : Greg Stewart, Frederik Gauthier, Jamie Benn - PP : Greg Stewart, Frederik Gauthier - PK : Greg Stewart
Extra Defensemen
Normal : Marcus Pettersson, Brent Burns, Brett Lernout - PP : Marcus Pettersson - PK : Marcus Pettersson, Brent Burns
Penalty Shots
Connor McDavid, Tyler Johnson, Leon Draisaitl, Mitch Marner, Greg Stewart
Custom OT Lines Forwards
Connor McDavid, Tyler Johnson, Leon Draisaitl, Mitch Marner, Greg Stewart, Frederik Gauthier, Jamie Benn, Adam Gaudette, Noel Acciari, Christian Fischer
Custom OT Lines Defensemen
Darnell Nurse, Jamie McBain, Brent Seabrook, Marcus Pettersson, Brent Burns

Scratches
Andrew Mangiapane (Back Injury), Philippe Myers (Healthy)

Red Wings

5 vs 5 Forward 
   Center                   Left Wing                Right Wing               Time % Phy DF OF 
 1 Dylan Larkin             Brendan Lemieux          Connor Brown             35     1   2  2  
 2 Charlie Coyle            Danton Heinen            David Backes             35     1   2  2  
 3 T.J. Hensick             Tye McGinn               Jake Virtanen            20     1   2  2  
 4 Max Reinhart             Lucas Lessio             Carson Mcmillan          10     1   2  2  

5 vs 5 Defense 
   Defense                  Defense                                           Time % Phy DF OF 
 1 Hampus Lindholm          Colton Parayko                                    40     1   2  2  
 2 Marco Scandella          Philip Samuelsson                                 30     1   2  2  
 3 Drew Fata                Roland McKeown                                    20     1   2  2  
 4 Drew Fata                Roland McKeown                                    10     1   2  2  

PowerPlay Forward 
   Center                   Left Wing                Right Wing               Time % Phy DF OF 
 1 Dylan Larkin             Brendan Lemieux          Connor Brown             60     1   2  2  
 2 Charlie Coyle            Danton Heinen            David Backes             40     1   2  2  

PowerPlay Defense
   Defense                  Defense                                           Time % Phy DF OF 
 1 Hampus Lindholm          Colton Parayko                                    60     1   2  2  
 2 Philip Samuelsson        Jake Virtanen                                     40     1   2  2  

Penalty Kill 4 Players Forward 
   Center                   Wing                     Time % Phy DF OF 
 1 T.J. Hensick             Carson Mcmillan          60     1   2  2  
 2 Max Reinhart             Tye McGinn               40     1   2  2  

Penalty Kill 4 Players Defense
   Defense                  Defense                  Time % Phy DF OF 
 1 Marco Scandella          Roland McKeown           60     1   2  2  
 2 Colton Parayko           Drew Fata                40     1   2  2  

Penalty Kill - 3 Players Forward 
   Forward                                           Time % Phy DF OF 
 1 Carson Mcmillan                                   60     1   2  2  
 2 Max Reinhart                                      40     1   2  2  

Penalty Kill - 3 Players Defense
   Defense                  Defense                  Time % Phy DF OF 
 1 Marco Scandella          Roland McKeown           60     1   2  2  
 2 Drew Fata                Colton Parayko           40     1   2  2  

4 vs 4 Forward 
   Center                   Wing                     Time % Phy DF OF 
 1 Dylan Larkin             Connor Brown             60     1   2  2  
 2 Charlie Coyle            Brendan Lemieux          40     1   2  2  

4 vs 4 Defense
   Defense                  Defense                  Time % Phy DF OF 
 1 Hampus Lindholm          Philip Samuelsson        60     1   2  2  
 2 Colton Parayko           Marco Scandella          40     1   2  2  

Last Minutes Offensive
   Center                   Left Wing                Right Wing               Defense                  Defense                  
   Dylan Larkin             Brendan Lemieux          Connor Brown             Hampus Lindholm          Philip Samuelsson        

Last Minutes Defensive
   Center                   Left Wing                Right Wing               Defense                  Defense                  
   T.J. Hensick             Tye McGinn               Carson Mcmillan          Colton Parayko           Roland McKeown           

Goaltenders
Starting : Alexandar Georgiev       
Backup : Frederik Andersen        

Extra Forwards
Normal : David Backes, T.J. Hensick, Tye McGinn - PP : Tye McGinn, Max Reinhart - PK : Lucas Lessio
Extra Defensemen
Normal : Roland McKeown, Philip Samuelsson, Marco Scandella - PP : Marco Scandella - PK : Philip Samuelsson, Hampus Lindholm
Penalty Shots
Dylan Larkin, Carson Mcmillan, Charlie Coyle, Max Reinhart, Connor Brown
Custom OT Lines Forwards
Dylan Larkin, Connor Brown, Brendan Lemieux, Charlie Coyle, Danton Heinen, David Backes, Jake Virtanen, Carson Mcmillan, Max Reinhart, T.J. Hensick
Custom OT Lines Defensemen
Hampus Lindholm, Philip Samuelsson, Colton Parayko, Roland McKeown, Marco Scandella

Scratches
Brendan Woods (Healthy), Martin Marincin (Healthy)

% Time on Ice - Oilers

Lines # - Real PCT - Wanted PCT - Time Play
Normal Forward
1 - 34% - 35% - 17:13
2 - 27% - 30% - 13:26
3 - 26% - 25% - 12:56
4 - 13% - 10% - 6:41
Normal Defense
1 - 33% - 40% - 16:42
2 - 32% - 30% - 15:57
3 - 27% - 20% - 13:47
4 - 8% - 10% - 3:50
PP Forward
1 - 68% - 60% - 2:47
2 - 32% - 40% - 1:20
PP Defense
1 - 60% - 60% - 2:27
2 - 40% - 40% - 1:40
PK Forward
1 - 82% - 60% - 4:37
2 - 18% - 40% - 1:00
PK Defense
1 - 74% - 60% - 4:08
2 - 26% - 40% - 1:29
PK3 Forward
1 - 0% - 60%
2 - 0% - 40%
PK3 Defense
1 - 0% - 60%
2 - 0% - 40%
44 Forward
1 - 0% - 60%
2 - 0% - 40%
44 Defense
1 - 0% - 60%
2 - 0% - 40%
Last Minute Offensive  - 0:00
Last Minute Defensive  - 0:00
Total
Forward - 60:00
Defense - 60:00

% Time on Ice - Red Wings

Lines # - Real PCT - Wanted PCT - Time Play
Normal Forward
1 - 33% - 35% - 16:24
2 - 31% - 35% - 15:39
3 - 21% - 20% - 10:33
4 - 15% - 10% - 7:40
Normal Defense
1 - 37% - 40% - 18:29
2 - 34% - 30% - 17:17
3 - 21% - 20% - 10:24
4 - 8% - 10% - 4:06
PP Forward
1 - 66% - 60% - 3:43
2 - 34% - 40% - 1:54
PP Defense
1 - 71% - 60% - 4:00
2 - 29% - 40% - 1:37
PK Forward
1 - 76% - 60% - 3:07
2 - 24% - 40% - 1:00
PK Defense
1 - 56% - 60% - 2:18
2 - 44% - 40% - 1:49
PK3 Forward
1 - 0% - 60%
2 - 0% - 40%
PK3 Defense
1 - 0% - 60%
2 - 0% - 40%
44 Forward
1 - 0% - 60%
2 - 0% - 40%
44 Defense
1 - 0% - 60%
2 - 0% - 40%
Last Minute Offensive  - 0:00
Last Minute Defensive  - 0:00
Total
Forward - 60:00
Defense - 60:00

Play-by-Play

1st period


0:01 of 1st period - Dylan Larkin wins face-off versus Tyler Johnson in neutral zone.
0:26 of 1st period - Brent Seabrook is hit by David Backes and loses puck.
1:22 of 1st period - Snap shot by Lucas Lessio.
1:22 of 1st period - Shot Misses the Net.
1:33 of 1st period - Marco Scandella is hit by Anton Slepyshev and loses puck.
1:52 of 1st period - Slapshot by Jamie Benn.
1:52 of 1st period - Shot Blocked by Marco Scandella.
1:54 of 1st period - Slapshot by Darnell Nurse.
1:54 of 1st period - Shot Misses the Net.
1:56 of 1st period - Wrist shot by Jamie Benn.
1:56 of 1st period - Stopped by Alexandar Georgiev without a rebound.
1:57 of 1st period - Adam Gaudette wins face-off versus Dylan Larkin in Red Wings zone.
2:27 of 1st period - Off-side.
2:28 of 1st period - Connor McDavid wins face-off versus Charlie Coyle in neutral zone.
2:31 of 1st period - Hampus Lindholm is hit by Jamie McBain and loses puck.
2:42 of 1st period - Slapshot by Hampus Lindholm.
2:42 of 1st period - Shot Misses the Net.
2:50 of 1st period - Snap shot by Charlie Coyle.
2:50 of 1st period - Stopped by Jaroslav Halak with a rebound.
2:52 of 1st period - Slapshot by Roland McKeown.
2:52 of 1st period - Shot Blocked by Connor McDavid.
2:54 of 1st period - Snap shot by Danton Heinen.
2:54 of 1st period - Shot Blocked by Darnell Nurse.
2:56 of 1st period - Slapshot by Drew Fata.
2:56 of 1st period - Shot Misses the Net.
3:12 of 1st period - Snap shot by Connor McDavid.
3:12 of 1st period - Stopped by Alexandar Georgiev without a rebound.
3:13 of 1st period - Dylan Larkin wins face-off versus Frederik Gauthier in Red Wings zone.
3:42 of 1st period - Off-side.
3:43 of 1st period - T.J. Hensick wins face-off versus Tyler Johnson in neutral zone.
4:20 of 1st period - Slapshot by Jake Virtanen.
4:20 of 1st period - Stopped by Jaroslav Halak without a rebound.
4:21 of 1st period - Dylan Larkin wins face-off versus Frederik Gauthier in Oilers zone.
4:24 of 1st period - Wrist shot by Connor Brown.
4:24 of 1st period - Stopped by Jaroslav Halak without a rebound.
4:25 of 1st period - Frederik Gauthier wins face-off versus Dylan Larkin in Oilers zone.
4:25 of 1st period - Frederik Gauthier is hit by Dylan Larkin.
4:54 of 1st period - Wrist shot by Tyler Johnson.
4:54 of 1st period - Shot Misses the Net.
6:17 of 1st period - Adam Gaudette is hit by Lucas Lessio and loses puck.
6:58 of 1st period - Connor Brown is hit by Jamie Benn and loses puck.
7:11 of 1st period - Dylan Larkin is hit by Noel Acciari and loses puck.
7:26 of 1st period - Slapshot by Hampus Lindholm.
7:26 of 1st period - Shot Blocked by Brent Seabrook.
7:28 of 1st period - Wrist shot by Danton Heinen.
7:28 of 1st period - Deflect By Charlie Coyle.
7:28 of 1st period - Deflect By Jamie McBain.
7:28 of 1st period - Shot Misses the Net.
7:28 of 1st period - Puck is out of play.
7:29 of 1st period - Adam Gaudette wins face-off versus Charlie Coyle in Oilers zone.
7:44 of 1st period - Snap shot by Adam Gaudette.
7:44 of 1st period - Shot Misses the Net.
8:24 of 1st period - Slapshot by Darnell Nurse.
8:24 of 1st period - Shot Misses the Net.
8:26 of 1st period - Slapshot by Marcus Pettersson.
8:26 of 1st period - Stopped by Alexandar Georgiev without a rebound.
8:27 of 1st period - Tyler Johnson wins face-off versus Dylan Larkin in Red Wings zone.
8:44 of 1st period - Wrist shot by Leon Draisaitl.
8:44 of 1st period - Stopped by Alexandar Georgiev without a rebound.
8:45 of 1st period - T.J. Hensick wins face-off versus Connor McDavid in Red Wings zone.
9:23 of 1st period - Wrist shot by Leon Draisaitl.
9:23 of 1st period - Stopped by Alexandar Georgiev without a rebound.
9:24 of 1st period - Tyler Johnson wins face-off versus Dylan Larkin in Red Wings zone.
9:55 of 1st period - Icing by Marcus Pettersson.
9:56 of 1st period - Christian Fischer wins face-off versus Charlie Coyle in Oilers zone.
10:23 of 1st period - Snap shot by Tyler Johnson.
10:23 of 1st period - Shot Misses the Net.
10:41 of 1st period - Tyler Johnson is hit by Colton Parayko and loses puck.
11:30 of 1st period - Off-side.
11:31 of 1st period - Charlie Coyle wins face-off versus Mitch Marner in neutral zone.
12:51 of 1st period - Snap shot by Lucas Lessio.
12:51 of 1st period - Shot Misses the Net.
12:53 of 1st period - Slapshot by Philip Samuelsson.
12:53 of 1st period - Stopped by Jaroslav Halak without a rebound.
12:54 of 1st period - Frederik Gauthier wins face-off versus Charlie Coyle in Oilers zone.
12:54 of 1st period - Frederik Gauthier is hit by Drew Fata.
13:06 of 1st period - Brent Seabrook is hit by Drew Fata and loses puck.
13:11 of 1st period - Slapshot by Charlie Coyle.
13:11 of 1st period - Deflect By David Backes.
13:11 of 1st period - Shot Blocked by Brent Seabrook.
13:11 of 1st period - Puck is out of play.
13:12 of 1st period - Dylan Larkin wins face-off versus Connor McDavid in Oilers zone.
14:09 of 1st period - Backhand shot by Lucas Lessio.
14:09 of 1st period - Stopped by Jaroslav Halak with a rebound.
14:11 of 1st period - Slapshot by Colton Parayko.
14:11 of 1st period - Shot Misses the Net.
14:13 of 1st period - Slapshot by Colton Parayko.
14:13 of 1st period - Stopped by Jaroslav Halak with a rebound.
14:15 of 1st period - Snap shot by Lucas Lessio.
14:15 of 1st period - Stopped by Jaroslav Halak with a rebound.
14:37 of 1st period - Wrist shot by Greg Stewart.
14:37 of 1st period - Shot Blocked by Hampus Lindholm.
15:53 of 1st period - Wrist shot by Mitch Marner.
15:53 of 1st period - Deflect By Connor McDavid.
15:53 of 1st period - Stopped by Alexandar Georgiev with a rebound.
16:11 of 1st period - Darnell Nurse is hit by Brendan Lemieux and loses puck.
16:28 of 1st period - Jamie McBain is hit by Drew Fata.
16:32 of 1st period - Roland McKeown is hit by Jamie Benn and loses puck.
17:17 of 1st period - Wrist shot by Frederik Gauthier.
17:17 of 1st period - Stopped by Alexandar Georgiev without a rebound.
17:18 of 1st period - Connor McDavid wins face-off versus Charlie Coyle in Red Wings zone.
17:45 of 1st period - Wrist shot by Connor Brown.
17:45 of 1st period - Deflect By Dylan Larkin.
17:45 of 1st period - Stopped by Jaroslav Halak without a rebound.
17:46 of 1st period - Tyler Johnson wins face-off versus Dylan Larkin in Oilers zone.
17:51 of 1st period - Brent Burns is hit by Brendan Lemieux and loses puck.
18:16 of 1st period - Frederik Gauthier is hit by Hampus Lindholm and loses puck.
18:27 of 1st period - Backhand shot by Connor Brown.
18:27 of 1st period - Goal by Connor Brown - Oilers : 0 - Red Wings : 1.
18:28 of 1st period - Charlie Coyle wins face-off versus Connor McDavid in neutral zone.
18:34 of 1st period - Minor Penalty to Jamie McBain for Hooking.
18:35 of 1st period - Dylan Larkin wins face-off versus Tyler Johnson in Oilers zone.
19:54 of 1st period - Snap shot by Connor Brown.
19:54 of 1st period - Goal by Connor Brown - Oilers : 0 - Red Wings : 2.
19:55 of 1st period - Charlie Coyle wins face-off versus Connor McDavid in neutral zone.
19:58 of 1st period - Wrist shot by Danton Heinen.
19:58 of 1st period - Shot Blocked by Jamie McBain.
Goals for this period are 0 for Oilers vs 2 for Red Wings.
Shots for this period are 7 for Oilers vs 10 for Red Wings.

2nd period


0:01 of 2nd period - Leon Draisaitl wins face-off versus Charlie Coyle in neutral zone.
0:06 of 2nd period - Slapshot by Tyler Johnson.
0:06 of 2nd period - Shot Misses the Net.
0:35 of 2nd period - Snap shot by Brendan Lemieux.
0:35 of 2nd period - Shot Misses the Net.
0:54 of 2nd period - Slapshot by Carson Mcmillan.
0:54 of 2nd period - Shot Misses the Net.
0:56 of 2nd period - Snap shot by Hampus Lindholm.
0:56 of 2nd period - Stopped by Jaroslav Halak without a rebound.
0:57 of 2nd period - Tyler Johnson wins face-off versus Charlie Coyle in Oilers zone.
1:00 of 2nd period - Snap shot by David Backes.
1:00 of 2nd period - Stopped by Jaroslav Halak with a rebound.
1:02 of 2nd period - Snap shot by David Backes.
1:02 of 2nd period - Deflect By Adam Gaudette.
1:02 of 2nd period - Shot Blocked by Tyler Johnson.
1:02 of 2nd period - Puck is out of play.
1:03 of 2nd period - Tyler Johnson wins face-off versus Danton Heinen in Oilers zone.
1:15 of 2nd period - Off-side.
1:16 of 2nd period - Charlie Coyle wins face-off versus Connor McDavid in neutral zone.
1:26 of 2nd period - Minor Penalty to Charlie Coyle for Tripping.
1:27 of 2nd period - Connor McDavid wins face-off versus T.J. Hensick in Red Wings zone.
1:37 of 2nd period - Snap shot by Connor McDavid.
1:37 of 2nd period - Shot Misses the Net.
3:26 of 2nd period - Penalty to Charlie Coyle is over, Charlie Coyle is back on ice.
4:29 of 2nd period - Connor Brown is hit by Mitch Marner and loses puck.
4:46 of 2nd period - Greg Stewart is hit by Tye McGinn and loses puck.
5:09 of 2nd period - Connor Brown is hit by Leon Draisaitl and loses puck.
6:00 of 2nd period - Connor Brown is hit by Jamie McBain and loses puck.
6:25 of 2nd period - Marco Scandella is hit by Leon Draisaitl.
7:13 of 2nd period - Marco Scandella is hit by Anton Slepyshev and loses puck.
7:59 of 2nd period - Snap shot by Greg Stewart.
7:59 of 2nd period - Stopped by Alexandar Georgiev with a rebound.
8:42 of 2nd period - Brendan Lemieux is hit by Frederik Gauthier and loses puck.
9:25 of 2nd period - Brent Seabrook is hit by Roland McKeown and loses puck.
10:06 of 2nd period - Hampus Lindholm is hit by Greg Stewart and loses puck.
10:46 of 2nd period - Charlie Coyle is hit by Leon Draisaitl and loses puck.
10:51 of 2nd period - Snap shot by Leon Draisaitl.
10:51 of 2nd period - Stopped by Alexandar Georgiev with a rebound.
11:10 of 2nd period - David Backes is hit by Brent Seabrook and loses puck.
11:32 of 2nd period - Charlie Coyle is hit by Jamie McBain and loses puck.
11:45 of 2nd period - Marcus Pettersson is hit by Colton Parayko and loses puck.
11:51 of 2nd period - Icing by Marcus Pettersson.
11:52 of 2nd period - Tyler Johnson wins face-off versus T.J. Hensick in Oilers zone.
12:29 of 2nd period - Slapshot by Mitch Marner.
12:29 of 2nd period - Shot Blocked by Marco Scandella.
13:12 of 2nd period - Wrist shot by Tye McGinn.
13:12 of 2nd period - Shot Blocked by Jamie McBain.
13:14 of 2nd period - Slapshot by Marco Scandella.
13:14 of 2nd period - Shot Blocked by Jamie McBain.
13:39 of 2nd period - Icing by Connor McDavid.
13:40 of 2nd period - T.J. Hensick wins face-off versus Jason Robertson in Oilers zone.
13:45 of 2nd period - Slapshot by T.J. Hensick.
13:45 of 2nd period - Stopped by Jaroslav Halak without a rebound.
13:46 of 2nd period - T.J. Hensick wins face-off versus Connor McDavid in Oilers zone.
13:47 of 2nd period - Slapshot by Jake Virtanen.
13:47 of 2nd period - Deflect By Tye McGinn.
13:47 of 2nd period - Shot Misses the Net.
13:47 of 2nd period - Puck is out of play.
13:48 of 2nd period - Connor McDavid wins face-off versus T.J. Hensick in Oilers zone.
14:14 of 2nd period - Jake Virtanen is hit by Christian Fischer and loses puck.
14:23 of 2nd period - Snap shot by Charlie Coyle.
14:23 of 2nd period - Shot Misses the Net.
14:25 of 2nd period - Wrist shot by Charlie Coyle.
14:25 of 2nd period - Goal by Charlie Coyle - Oilers : 0 - Red Wings : 3.
14:26 of 2nd period - Charlie Coyle wins face-off versus Connor McDavid in neutral zone.
14:30 of 2nd period - Minor Penalty to Brent Seabrook for Holding.
14:31 of 2nd period - Dylan Larkin wins face-off versus Tyler Johnson in Oilers zone.
14:37 of 2nd period - Slapshot by Hampus Lindholm.
14:37 of 2nd period - Deflect By Leon Draisaitl.
14:37 of 2nd period - Stopped by Jaroslav Halak with a rebound.
14:39 of 2nd period - Slapshot by Hampus Lindholm.
14:39 of 2nd period - Stopped by Jaroslav Halak with a rebound.
14:41 of 2nd period - Snap shot by Hampus Lindholm.
14:41 of 2nd period - Shot Blocked by Jamie McBain.
14:47 of 2nd period - Slapshot by Brendan Lemieux.
14:47 of 2nd period - Shot Misses the Net.
15:17 of 2nd period - Slapshot by Jamie McBain.
15:17 of 2nd period - Stopped by Alexandar Georgiev without a rebound.
15:18 of 2nd period - Dylan Larkin wins face-off versus Noel Acciari in Red Wings zone.
16:25 of 2nd period - Icing by Philip Samuelsson.
16:26 of 2nd period - Danton Heinen wins face-off versus Connor McDavid in Red Wings zone.
16:30 of 2nd period - Penalty to Brent Seabrook is over, Brent Seabrook is back on ice.
16:46 of 2nd period - Marcus Pettersson is hit by Drew Fata.
16:55 of 2nd period - Roland McKeown is hit by Marcus Pettersson.
18:06 of 2nd period - Wrist shot by Hampus Lindholm.
18:06 of 2nd period - Stopped by Jaroslav Halak with a rebound.
18:18 of 2nd period - Jamie Benn is hit by Connor Brown.
18:44 of 2nd period - Slapshot by Connor McDavid.
18:44 of 2nd period - Stopped by Alexandar Georgiev with a rebound.
18:46 of 2nd period - Slapshot by Brett Lernout.
18:46 of 2nd period - Stopped by Alexandar Georgiev with a rebound.
19:02 of 2nd period - Brent Burns is hit by Colton Parayko and loses puck.
19:13 of 2nd period - Mitch Marner is hit by David Backes and loses puck.
19:34 of 2nd period - Adam Gaudette is hit by Jake Virtanen and loses puck.
19:55 of 2nd period - Wrist shot by Greg Stewart.
19:55 of 2nd period - Shot Blocked by Marco Scandella.
Goals for this period are 0 for Oilers vs 1 for Red Wings.
Shots for this period are 5 for Oilers vs 7 for Red Wings.

3rd period


0:01 of 3rd period - Tyler Johnson wins face-off versus Charlie Coyle in neutral zone.
0:12 of 3rd period - Slapshot by Adam Gaudette.
0:12 of 3rd period - Shot Misses the Net.
0:40 of 3rd period - Slapshot by Brendan Lemieux.
0:40 of 3rd period - Stopped by Jaroslav Halak without a rebound.
0:41 of 3rd period - Tyler Johnson wins face-off versus T.J. Hensick in Oilers zone.
2:01 of 3rd period - Snap shot by Tye McGinn.
2:01 of 3rd period - Shot Misses the Net.
3:04 of 3rd period - Off-side.
3:05 of 3rd period - Noel Acciari wins face-off versus Charlie Coyle in neutral zone.
3:31 of 3rd period - Adam Gaudette is hit by T.J. Hensick and loses puck.
3:36 of 3rd period - Slapshot by Hampus Lindholm.
3:36 of 3rd period - Stopped by Jaroslav Halak with a rebound.
3:38 of 3rd period - Slapshot by Hampus Lindholm.
3:38 of 3rd period - Shot Misses the Net.
3:40 of 3rd period - Slapshot by Hampus Lindholm.
3:40 of 3rd period - Shot Blocked by Tyler Johnson.
3:42 of 3rd period - Snap shot by Tye McGinn.
3:42 of 3rd period - Shot Misses the Net.
3:56 of 3rd period - Snap shot by Mitch Marner.
3:56 of 3rd period - Shot Misses the Net.
4:28 of 3rd period - Minor Penalty to Lucas Lessio for Roughing.
4:29 of 3rd period - T.J. Hensick wins face-off versus Connor McDavid in Red Wings zone.
4:37 of 3rd period - Backhand shot by Mitch Marner.
4:37 of 3rd period - Goal by Mitch Marner - Oilers : 1 - Red Wings : 3.
4:38 of 3rd period - Charlie Coyle wins face-off versus Tyler Johnson in neutral zone.
5:05 of 3rd period - Connor McDavid is hit by Hampus Lindholm.
5:27 of 3rd period - Slapshot by Marcus Pettersson.
5:27 of 3rd period - Shot Misses the Net.
5:29 of 3rd period - Snap shot by Christian Fischer.
5:29 of 3rd period - Shot Misses the Net.
5:31 of 3rd period - Backhand shot by Darnell Nurse.
5:31 of 3rd period - Stopped by Alexandar Georgiev without a rebound.
5:32 of 3rd period - Frederik Gauthier wins face-off versus Danton Heinen in Red Wings zone.
5:41 of 3rd period - Wrist shot by Greg Stewart.
5:41 of 3rd period - Stopped by Alexandar Georgiev without a rebound.
5:42 of 3rd period - David Backes wins face-off versus Tyler Johnson in Red Wings zone.
5:47 of 3rd period - Brent Seabrook is hit by Philip Samuelsson and loses puck.
6:12 of 3rd period - Slapshot by Brendan Lemieux.
6:12 of 3rd period - Shot Misses the Net.
6:14 of 3rd period - Slapshot by Philip Samuelsson.
6:14 of 3rd period - Shot Misses the Net.
7:02 of 3rd period - Snap shot by Leon Draisaitl.
7:02 of 3rd period - Shot Misses the Net.
7:30 of 3rd period - Snap shot by Anton Slepyshev.
7:30 of 3rd period - Stopped by Alexandar Georgiev with a rebound.
7:48 of 3rd period - Slapshot by Drew Fata.
7:48 of 3rd period - Deflect By Brendan Lemieux.
7:48 of 3rd period - Deflect By Connor McDavid.
7:48 of 3rd period - Shot Blocked by Brent Burns.
7:48 of 3rd period - Puck is out of play.
7:49 of 3rd period - Dylan Larkin wins face-off versus Connor McDavid in Oilers zone.
8:24 of 3rd period - Snap shot by Leon Draisaitl.
8:24 of 3rd period - Shot Misses the Net.
8:29 of 3rd period - Snap shot by Tyler Johnson.
8:29 of 3rd period - Stopped by Alexandar Georgiev without a rebound.
8:30 of 3rd period - Frederik Gauthier wins face-off versus Charlie Coyle in Red Wings zone.
8:53 of 3rd period - Minor Penalty to David Backes for Tripping.
8:54 of 3rd period - T.J. Hensick wins face-off versus Connor McDavid in Red Wings zone.
10:08 of 3rd period - Colton Parayko is hit by Mitch Marner and loses puck.
10:48 of 3rd period - Brendan Lemieux is hit by Connor McDavid and loses puck.
10:53 of 3rd period - Penalty to David Backes is over, David Backes is back on ice.
11:03 of 3rd period - Snap shot by Connor McDavid.
11:03 of 3rd period - Stopped by Alexandar Georgiev with a rebound.
11:05 of 3rd period - Snap shot by Jamie McBain.
11:05 of 3rd period - Shot Blocked by Drew Fata.
11:07 of 3rd period - Snap shot by Mitch Marner.
11:07 of 3rd period - Shot Misses the Net.
11:09 of 3rd period - Slapshot by Darnell Nurse.
11:09 of 3rd period - Shot Hit the Post.
11:11 of 3rd period - Slapshot by Mitch Marner.
11:11 of 3rd period - Stopped by Alexandar Georgiev with a rebound.
11:13 of 3rd period - Snap shot by Mitch Marner.
11:13 of 3rd period - Shot Misses the Net.
11:17 of 3rd period - Slapshot by Connor McDavid.
11:17 of 3rd period - Stopped by Alexandar Georgiev without a rebound.
11:18 of 3rd period - T.J. Hensick wins face-off versus Tyler Johnson in Red Wings zone.
11:56 of 3rd period - Slapshot by Greg Stewart.
11:56 of 3rd period - Shot Misses the Net.
12:27 of 3rd period - Icing by Frederik Gauthier.
12:28 of 3rd period - Tyler Johnson wins face-off versus Max Reinhart in Oilers zone.
13:05 of 3rd period - Snap shot by Jake Virtanen.
13:05 of 3rd period - Shot Misses the Net.
13:07 of 3rd period - Minor Penalty to Greg Stewart for High sticking.
13:08 of 3rd period - Tyler Johnson wins face-off versus Dylan Larkin in Oilers zone.
13:15 of 3rd period - Snap shot by Dylan Larkin.
13:15 of 3rd period - Goal by Dylan Larkin - Oilers : 1 - Red Wings : 4.
13:16 of 3rd period - Connor McDavid wins face-off versus Charlie Coyle in neutral zone.
13:18 of 3rd period - Minor Penalty to Jason Robertson for Cross-checking.
13:19 of 3rd period - Dylan Larkin wins face-off versus Tyler Johnson in Oilers zone.
13:23 of 3rd period - Snap shot by Brendan Lemieux.
13:23 of 3rd period - Stopped by Jaroslav Halak with a rebound.
13:25 of 3rd period - Slapshot by Dylan Larkin.
13:25 of 3rd period - Shot Blocked by Tyler Johnson.
13:27 of 3rd period - Snap shot by Colton Parayko.
13:27 of 3rd period - Deflect By Darnell Nurse.
13:27 of 3rd period - Stopped by Jaroslav Halak with a rebound.
13:29 of 3rd period - Snap shot by Connor Brown.
13:29 of 3rd period - Goal by Connor Brown - Oilers : 1 - Red Wings : 5.
13:30 of 3rd period - Connor McDavid wins face-off versus Charlie Coyle in neutral zone.
13:30 of 3rd period - Minor Penalty to Brent Seabrook for Interference.
13:31 of 3rd period - Tyler Johnson wins face-off versus Dylan Larkin in Oilers zone.
15:19 of 3rd period - Philip Samuelsson is hit by Marcus Pettersson and loses puck.
15:30 of 3rd period - Penalty to Brent Seabrook is over, Brent Seabrook is back on ice.
15:40 of 3rd period - Snap shot by Frederik Gauthier.
15:40 of 3rd period - Stopped by Alexandar Georgiev with a rebound.
15:42 of 3rd period - Snap shot by Christian Fischer.
15:42 of 3rd period - Shot Blocked by Lucas Lessio.
15:50 of 3rd period - Christian Fischer is hit by Carson Mcmillan and loses puck.
16:03 of 3rd period - Philip Samuelsson is hit by Mitch Marner and loses puck.
16:22 of 3rd period - Connor Brown is hit by Jamie Benn and loses puck.
16:51 of 3rd period - Lucas Lessio is hit by Brett Lernout and loses puck.
17:11 of 3rd period - Roland McKeown is hit by Connor McDavid and loses puck.
17:34 of 3rd period - Colton Parayko is hit by Anton Slepyshev and loses puck.
17:51 of 3rd period - Danton Heinen is hit by Christian Fischer.
18:03 of 3rd period - Lucas Lessio is hit by Connor McDavid and loses puck.
18:08 of 3rd period - Wrist shot by Mitch Marner.
18:08 of 3rd period - Shot Misses the Net.
18:59 of 3rd period - Snap shot by Brent Burns.
18:59 of 3rd period - Stopped by Alexandar Georgiev with a rebound.
19:02 of 3rd period - Icing by Hampus Lindholm.
19:03 of 3rd period - Charlie Coyle wins face-off versus Connor McDavid in Red Wings zone.
19:08 of 3rd period - Darnell Nurse is hit by Danton Heinen and loses puck.
19:23 of 3rd period - Wrist shot by Connor McDavid.
19:23 of 3rd period - Stopped by Alexandar Georgiev without a rebound.
19:24 of 3rd period - Tyler Johnson wins face-off versus Dylan Larkin in Red Wings zone.
19:27 of 3rd period - Snap shot by Adam Gaudette.
19:27 of 3rd period - Shot Blocked by Roland McKeown.
19:29 of 3rd period - Snap shot by Adam Gaudette.
19:29 of 3rd period - Shot Misses the Net.
19:31 of 3rd period - Snap shot by Tyler Johnson.
19:31 of 3rd period - Shot Misses the Net.
19:33 of 3rd period - Slapshot by Brent Burns.
19:33 of 3rd period - Stopped by Alexandar Georgiev with a rebound.
19:35 of 3rd period - Wrist shot by Tyler Johnson.
19:35 of 3rd period - Shot Misses the Net.
Goals for this period are 1 for Oilers vs 2 for Red Wings.
Shots for this period are 12 for Oilers vs 6 for Red Wings.